 Dungeon Crawl Stone Soup version 0.24.0-35-gdb84b6a5db (webtiles) character file.

Game seed: 8627111197043596981, levelgen mode: deterministic

39 PentaManta the Sneak (level 3, -2/16 HPs)
             Began as a Spriggan Enchanter on Nov 14, 2019.
             Slain by an adder (3 damage)
             ... on level 2 of the Dungeon on Nov 17, 2019.
             The game lasted 00:04:10 (1065 turns).

PentaManta the Sneak (Spriggan Enchanter)           Turns: 1065, Time: 00:04:11

Health: -2/16      AC:  2    Str:  4    XL:     3   Next: 26%
Magic:  4/8        EV: 19    Int: 16    God:
Gold:   70         SH:  0    Dex: 17    Spells: 2/8 levels left

rFire    . . .     SeeInvis +   a - +1 dagger
rCold    . . .     Gourm    .   (shield restricted)
rNeg     . . .     Faith    .   b - +0 robe
rPois    .         Spirit   .   (helmet restricted)
rElec    .         Reflect  .   (no cloak)
rCorr    .         Harm     .   (gloves unavailable)
MR       .....                  (boots unavailable)
Stlth    +++.......             (no amulet)
HPRegen  0.05/turn              (no ring)
MPRegen  0.11/turn              (no ring)

@: lethally poisoned (-2 -> -7), very quick
A: very small, unfitting armour, see invisible, herbivore, speed 3, slow
metabolism 2
a: no special abilities


You were on level 2 of the Dungeon.
You were not hungry.

You visited 1 branch of the dungeon, and saw 2 of its levels.

You collected 70 gold pieces.

Inventory:

Hand Weapons
 a - a +1 dagger (weapon)
Armour
 b - a +0 robe (worn)
Jewellery
 g - an uncursed ring of stealth {unknown}
Scrolls
 c - a scroll of enchant armour {unknown}
 e - a scroll of teleportation {unknown}
 f - a scroll of remove curse {unknown}
 j - a scroll of identify {unknown}
 k - a scroll of blinking {unknown}
Potions
 h - a potion of resistance {unknown}
 i - a potion of curing {unknown}
 l - a potion of haste {unknown}
Comestibles
 d - 2 rations


   Skills:
 - Level 1.1 Short Blades
 + Level 3.5 Dodging
 + Level 4.8 Stealth
 * Level 3.4 Spellcasting
 * Level 4.3 Hexes


You had 2 spell levels left.
You knew the following spells:

 Your Spells              Type           Power        Failure   Level  Hunger
a - Corona                Hex            ###....      3%          1    None
b - Ensorcelled Hibernat  Hex/Ice        #.....       11%         2    ##.....
c - Confuse               Hex            ###.....     9%          3    ###....

Your spell library contained the following spells:

 Spells                   Type           Power        Failure   Level  Hunger
 Tukima's Dance           Hex            ###.....     9%          3    ###....
 Dazzling Spray           Conj/Hex       #.....       22%         3    ###....


Dungeon Overview and Level Annotations

Branches:
Dungeon (2/15)

Altars:


Innate Abilities, Weirdness & Mutations

You are very small and have problems with some larger weapons.
You are too small for most types of armour.
You have supernaturally acute eyesight. (SInv)
You are a herbivore.
You cover ground extremely quickly.
You need to consume almost no food.


Message History

Found an escape hatch in the ceiling.
An adder comes into view.
The adder hisses angrily.
A giant cockroach comes into view.
Found a scroll labeled LIYMPI GIMUXEM.
There is an escape hatch in the ceiling here.
The adder closely misses you. The adder misses you. The adder misses you.
The adder barely misses you. The adder bites you. The adder closely misses you.
The adder bites you.
* * * LOW HITPOINT WARNING * * *
The adder bites you.
* * * LOW HITPOINT WARNING * * *
You are lethally poisoned!
The adder poisons you!
* * * LOW HITPOINT WARNING * * *
You feel sick. The adder bites you.
You die...

#.. ...... # .. #.#
......#. .# ##.#
........#.# #..#
.......#.? #######.#.
.....#..######.........
..s.......##.####...#
#..........#....###
.###.@S.........####
.................##
....##.......###.# ...
♣........# #... ♣
##.......# #####
#.......# #########


You could see an adder and a giant cockroach.

Vanquished Creatures
  An ooze (D:1)
  A worm (D:2)
  2 dart slugs (D:1)
  2 leopard geckos (D:1)
  2 bats (D:1)
  A giant cockroach (D:1)
  3 goblins (D:1)
  4 hobgoblins (D:1)
  3 kobolds (D:1)
  A quokka (D:2)
  A ball python (D:1)
  2 frilled lizards
  A rat (D:1)
24 creatures vanquished.

Notes
Turn   | Place    | Note
-------+----------+-------------------------------------------
     0 | D:1      | PentaManta the Spriggan Enchanter began the quest for the
                  | Orb.
     0 | D:1      | Reached XP level 1. HP: 9/9 MP: 5/5
     0 | D:1      | Upgraded the game from 0.24.0-29-g8ce449bc06 to
                  | 0.24.0-35-gdb84b6a5db
   200 | D:1      | Reached XP level 2. HP: 13/13 MP: 7/7
   301 | D:1      | Learned a level 2 spell: Ensorcelled Hibernation
   777 | D:1      | Reached XP level 3. HP: 11/16 MP: 1/8
   824 | D:1      | Learned a level 3 spell: Confuse
  1065 | D:2      | Slain by an adder

Levels and vault maps discovered:
D:1:      scummos_arrival_gate, layout_rooms, bh_walls_and_bars
D:2:      layout_rooms, chequers_ecumenical_altar_grove, first_ration

Skill      XL: |  1  2 |
---------------+-------+-----
Spellcasting   | 3 |  3.4
Hexes          | 4 |  4.3
Short Blades   | |  1.1
Dodging        | |  3.5
Stealth        | |  4.8

Action                   || total
-------------------------++-------
Melee: Dagger            ||   103
 Cast: Ensorcelled Hiber ||     6
 Stab: Sleeping          ||     7
Armor: Robe              ||     3
Dodge: Dodged            ||    86
